 Dungeon Crawl Stone Soup version 0.31-a0-948-gf5be29c462 (webtiles) character file.

Game seed: 9776861802926716410

13 Dirtsage the Trooper (level 2, 0/24 HPs)
             Began as a Demonspawn Fighter on Oct 21, 2023.
             Slain by a gnoll
             ... wielding a +0 halberd
              (9 damage)
             ... on level 2 of the Dungeon.
             The game lasted 00:00:38 (893 turns).

Dirtsage the Trooper (Demonspawn Fighter)            Turns: 893, Time: 00:00:39

Health: 0/24       AC:  6    Str: 16    XL:     2   Next: 24%
Magic:  2/2        EV:  8    Int:  9    God:
Gold:   51         SH:  8    Dex: 12    Spells: 1/1 levels left

rFire   . . .        a - +0 war axe
rCold   . . .        c - +0 buckler
rNeg    . . .        b - +0 scale mail
rPois   .            (no helmet)
rElec   .            (no cloak)
rCorr   .            (no gloves)
SInv    .            (no boots)
Will    .....        (no amulet) Stlth
                     (no ring)
HPRegen 0.24/turn    (no ring)
MPRegen 0.08/turn

%: no passive effects
@: no status effects
A: large bone plates 1
a: no special abilities


You were on level 2 of the Dungeon.
You visited 1 branch of the dungeon, and saw 2 of its levels.

You collected 51 gold pieces.

Inventory:

Hand Weapons
 a - a +0 war axe (weapon)
Armour
 b - a +0 scale mail (worn)
 c - a +0 buckler (worn)
Scrolls
 e - a scroll of blinking {unknown}
Potions
 d - a potion of might
 f - a potion of berserk rage {unknown}
 g - a potion of curing {unknown}


   Skills:
 - Level 3.0 Fighting
 + Level 2.7 Axes
 - Level 2.6 Armour
 - Level 2.6 Shields


You had one spell level left.
You didn't know any spells.
Your spell library was empty.

Dungeon Overview and Level Annotations

Branches:
Dungeon (2/15)

Altars:


Innate Abilities, Weirdness & Mutations

You are partially covered in large bone plates. (SH +4)


Message History

You hit the quokka.
The quokka is almost dead.
The quokka bites you but does no damage.
You barely miss the quokka.
The quokka is almost dead.
The quokka barely misses you. You block the quokka's attack.
You closely miss the quokka.
The quokka is almost dead.
The quokka closely misses you.
The quokka bites you but does no damage.
You closely miss the quokka.
The quokka is almost dead.
You block the quokka's attack.
The quokka bites you but does no damage.
You hit the quokka.
You kill the quokka!
There is an open door here.
There is an open door here.
You see here a +0 robe.
As you open the door, it creaks loudly!
There is an open door here.
You open the door.
There is an open door here.
You see here 7 stones.
Done exploring.
Health restored: 24 You see here 7 stones.
There is a stone staircase leading down here.
You climb downwards.
The gnoll shouts! x2
There is a stone staircase leading up here.
There are monsters nearby!
The gnoll hits you from afar with a +0 halberd.
A goblin comes into view. It is wielding a +0 dagger.
The gnoll hits you from afar with a +0 halberd!
You take 13 damage, and have 11/24 hp.
MASSIVE DAMAGE!!
You block the endoplasm's attack.
The gnoll hits you from afar with a +0 halberd.
The gnoll hits you from afar with a +0 halberd!
You die...

#. .# #. .#
#. .# #. .#
#. .# #. .#
#J#.## #.@..#
#...g.g#....#
).####.gg
#### #.#.# #.
.# #. w# #.
.g ## ..


You could see a worm, 4 gnolls, an endoplasm and a goblin.

Vanquished Creatures
  A ball python (D:1)
  A bat (D:1)
  An endoplasm (D:1)
  2 giant cockroaches (D:1)
  A goblin (D:1)
  3 kobolds (D:1)
  A quokka (D:1)
  A rat (D:1)
11 creatures vanquished.

Notes
Turn   | Place    | Note
-------+----------+-------------------------------------------
     0 | D:1      | Dirtsage the Demonspawn Fighter began the quest for the
                  | Orb.
     0 | D:1      | Reached XP level 1. HP: 18/18 MP: 1/1
   336 | D:1      | Gained mutation: You are partially covered in large bone
                  | plates. (SH +4) [demonic ancestry]
   336 | D:1      | Reached XP level 2. HP: 24/24 MP: 2/2
   893 | D:2      | Slain by a gnoll

Illustrated notes

Levels and vault maps discovered:
D:1:      amcnicky_arrival_underground_garden, layout_loops_corners
D:2:      layout_loops_ring

Skill      XL: |  1 |
---------------+----+-----
Axes           | 2 |  2.7
Fighting       | |  3.0
Armour         | |  2.6
Shields        | |  2.6

Action                     || total
---------------------------++-------
  Melee: War axe           ||    29
 Armour: Scale mail        ||    25
  Dodge: Dodged            ||    10
  Block: Buckler           ||    13

Table legend: (Time is in decaauts)
 A = Elapsed time spent in this place.
 B = Non-inter-level travel time spent in this place.
 C = Inter-level travel time spent in this place.
 D = Time resting spent in this place.
 E = Time spent auto-exploring this place.
 F = Levels seen in this place.
 G = Mean time per level.
                   A        B        C        D        E       F      G
               +--------+--------+--------+--------+--------+-----+--------+
         Total |    905 |    892 |     13 |      0 |    810 |   2 |  452.5 |
       Dungeon |    905 |    892 |     13 |      0 |    810 |   2 |  452.5 |
               +--------+--------+--------+--------+--------+-----+--------+

Top non-repeatable levels by time:
     D:1: 903 daAuts
     D:2: 1 daAuts
